 Dungeon Crawl Stone Soup version 0.31.0-11-ge490571c62 (webtiles) character file.

Game seed: 14680570881170093020

9 browni3141 the Conjurer (level 2, 19/19 HPs)
             Began as a Demonspawn Conjurer on Jan 30, 2024.
             Got out of the dungeon alive.
             The game lasted 00:00:27 (329 turns).

browni3141 the Conjurer (Demonspawn Conjurer)        Turns: 329, Time: 00:00:27

Health: 19/19      AC:  2    Str:  7    XL:     2   Next: 3%
Magic:  3/5        EV: 14    Int: 18    God:
Gold:   9          SH:  0    Dex: 11    Spells: 4/5 levels left

rFire   . . .        (no weapon)
rCold   . . .        (no shield)
rNeg    . . .        a - +0 robe
rPois   .            (no helmet)
rElec   .            (no cloak)
rCorr   .            (no gloves)
SInv    .            (no boots)
Will    .....        (no amulet)
Stlth   ++           (no ring)
HPRegen 0.23/turn    (no ring)
MPRegen 0.09/turn

%: no passive effects
@: no status effects
A: repulsion field 1
a: no special abilities


You escaped.
You visited 1 branch of the dungeon, and saw 1 of its levels.

You collected 9 gold pieces.

Inventory:

Armour
 a - a +0 robe (worn)
Scrolls
 c - 2 scrolls of identify {unknown}
 d - a scroll of poison {unknown}
Potions
 b - a potion of magic


   Skills:
 + Level 2.0 Dodging
 + Level 2.0 Stealth
 + Level 2.1 Spellcasting
 + Level 4.1 Conjurations


You had 4 spell levels left.
You knew the following spells:

 Your Spells              Type           Power      Damage    Failure   Level
a - Magic Dart            Conj           64%        1d6       3%          1

Your spell library contained the following spells:

 Spells                   Type           Power      Damage    Failure   Level
 Searing Ray              Conj           32%        2d5       4%          2
 Fulminant Prism          Conj/Alch      4%         3d5       58%         4
 Iskenderun's Mystic Bla  Conj/Tloc      9%         2d4       58%         4


Dungeon Overview and Level Annotations

Branches:
Dungeon (1/15)

Altars:


Innate Abilities, Weirdness & Mutations

You are surrounded by a mild repulsion field. (EV +2)


Message History

Setting a skill training target for Invocations at 14.0.
Setting a skill training target for Throwing at 11.0.
You now have 9 gold pieces.
A goblin comes into view. It is wielding a +0 club.
A goblin is nearby!
A goblin is nearby!
The magic dart hits the goblin.
The goblin is heavily wounded.
The goblin shouts!
The magic dart hits the goblin.
You kill the goblin!
Magic restored.
Things that are here:
a +0 club; a goblin corpse You see here a +0 robe.
Found a stone staircase leading down.
A goblin comes into view. It is wielding a +0 dagger.
The goblin shouts!
There is a stone staircase leading down here.
A goblin is nearby!
The magic dart hits the goblin.
The goblin is severely wounded.
The goblin barely misses you.
The magic dart hits the goblin.
You kill the goblin!
Things that are here:
a +0 dagger; a goblin corpse A goblin comes into view.
It is wielding a +0 dagger.
A goblin is nearby!
A goblin is nearby!
A goblin is nearby!
The magic dart hits the goblin.
You kill the goblin!
You can't see any susceptible monsters within range! (Use Z to cast anyway.)
You can't see any susceptible monsters within range! (Use Z to cast anyway.)
A bat comes into view.
A bat is nearby!
A bat is nearby!
The magic dart hits the bat.
You kill the bat!
You can't see any susceptible monsters within range! (Use Z to cast anyway.)
You can't see any susceptible monsters within range! (Use Z to cast anyway.)
c - a scroll labelled YTZECR ET BUTZ You see here a bat corpse.
Found a stone staircase leading down.
d - a scroll labelled EPLE WALAO A goblin comes into view.
It is wielding a +0 club.
The goblin shouts!
A goblin is nearby!
A goblin is nearby!
The magic dart hits the goblin.
You kill the goblin!
You can't see any susceptible monsters within range! (Use Z to cast anyway.)
You can't see any susceptible monsters within range! (Use Z to cast anyway.)
Things that are here:
a +0 club; a goblin corpse
c - 2 scrolls labelled YTZECR ET BUTZ (gained 1)
A rat comes into view.
A rat is nearby!
A rat is nearby!
The magic dart hits the rat.
You kill the rat!
You can't see any susceptible monsters within range! (Use Z to cast anyway.)
You can't see any susceptible monsters within range! (Use Z to cast anyway.)
An endoplasm comes into view.
An endoplasm is nearby!
An endoplasm is nearby!
The magic dart hits the endoplasm.
The endoplasm is moderately wounded.
The endoplasm quivers.
A kobold comes into view. It is wielding a +0 whip.
The magic dart hits the endoplasm.
The endoplasm is heavily wounded.
You miscast Magic Dart.
You are very lightly contaminated with residual magic.
Nothing appears to happen.
You are out of magic!
You are out of magic!
Your magical contamination has completely faded away.
The endoplasm jiggles.
The magic dart hits the endoplasm.
You kill the endoplasm!
Your Dodging skill increases to level 2!
Your Stealth skill increases to level 2!
The kobold throws a stone.
The stone hits you.
The kobold throws a stone.
The stone closely misses you.
The kobold throws a stone.
The stone misses you.
The magic dart hits the kobold.
The kobold is moderately wounded.
You start resting.
A kobold is nearby!
The magic dart hits the kobold.
You kill the kobold!
You have reached level 2!
Your demonic ancestry asserts itself...
You begin to radiate repulsive energy.
You see here a bat corpse.
There is a stone staircase leading down here.
There is a staircase leading out of the dungeon here.
You have escaped!

##########.##.#...
###..#..... >##
###>##...)... ...##
###....##.>#...
⌠....#####....⌠..##.####
..⌠....#....⌠.....#.#
....⌠...(.⌠....⌠..#.#
..................#.#
##....@....#######.#
####...#### ##..#
##...## ##..## ##..⌠..##
##..## #.......####.[##
#..⌠(..⌠..##.)##
......⌠.......##
####.......#####
#########


There were no monsters in sight!

Vanquished Creatures
  An endoplasm (D:1)
  4 goblins (D:1)
  A kobold (D:1)
  A bat (D:1)
  A rat (D:1)
8 creatures vanquished.

Notes
Turn   | Place    | Note
-------+----------+-------------------------------------------
     0 | D:1      | browni3141 the Demonspawn Conjurer began the quest for the
                  | Orb.
     0 | D:1      | Reached XP level 1. HP: 13/13 MP: 3/3
   295 | D:1      | Gained mutation: You are surrounded by a mild repulsion
                  | field. (EV +2) [demonic ancestry]
   295 | D:1      | Reached XP level 2. HP: 19/19 MP: 0/5
   329 | D:$      | Got out of the dungeon alive.

Illustrated notes

Levels and vault maps discovered:
D:1:      dpeg_arrival_leaves_temple_mockup, layout_basic

Skill      XL: |  1 |
---------------+----+-----
Dodging        | 2 |  2.0
Stealth        | 2 |  2.0
Spellcasting   | |  2.1
Conjurations   | |  4.1

Action                     || total
---------------------------++-------
   Cast: Magic Dart        ||    13
 Armour: Robe              ||     1
  Dodge: Dodged            ||     3
